 Dungeon Crawl Stone Soup version 0.24-a0-487-g57318f2ed0 (webtiles) character file.

Game seed: 2764610749853868212

4024 GeneralDoubt the Cleaver (level 10, -8/91 HPs)
             Began as a Minotaur Berserker on June 30, 2019.
             Was an Elder of Trog.
             Splashed by Maurice's acid (14 damage)
             ... on level 8 of the Dungeon on July 10, 2019.
             The game lasted 00:54:57 (6701 turns).

GeneralDoubt the Cleaver (Minotaur Berserker)       Turns: 6701, Time: 00:54:57

Health: -8/91      AC: -4    Str: 24    XL:     10   Next: 4%
Magic:  9/9        EV: 24    Int:  4    God:    Trog [****..]
Gold:   0          SH:  0    Dex: 16    Spells: 9/9 levels left

rFire    . . .     SeeInvis .   (weapon currently unavailable)
rCold    . . .     Gourm    .   (shield currently unavailable)
rNeg     . . .     Faith    .   (armour currently unavailable)
rPois    .         Spirit   .   (helmet currently unavailable)
rElec    .         Reflect  .   (cloak currently unavailable)
rCorr    .         Harm     .   (gloves currently unavailable)
MR       .....                  (boots currently unavailable)
Stlth    +.........             (no amulet)
HPRegen  0.25/turn              (ring currently unavailable)
MPRegen  0.11/turn              (ring currently unavailable)

@: bat-form (expiring), corroded, flying, very quick
A: tiny, (retaliatory headbutt)
a: Berserk, Trog's Hand, Brothers in Arms, Renounce Religion


You were on level 8 of the Dungeon.
You worshipped Trog.
Trog was greatly pleased with you.
You were not hungry.
You were in bat-form.
You visited 2 branches of the dungeon, and saw 9 of its levels.
You also visited: Ossuary.

Inventory:

Hand Weapons
 f - a +0 war axe (melded)
Armour
 a - a +0 plate armour (melded)
 e - a +0 hat (melded)
 r - a +0 pair of boots (melded)
 u - the +0 cloak of Fualonn (melded) {rN+ Dex+4}
   (You found it on level 4 of the Dungeon)

   It affects your dexterity (+4).
   It protects you from negative energy.
Jewellery
 k - an uncursed ring of fire {unknown}
 F - an uncursed ring of magical power {unknown}
 G - an uncursed ring of protection from cold {unknown}
 I - a cursed ring of teleportation {unknown}
Wands
 x - a wand of iceblast (8)
 y - a wand of random effects (21)
Scrolls
 h - 3 scrolls of remove curse
 m - 2 scrolls of enchant weapon
 p - 2 scrolls of magic mapping
 q - a scroll of amnesia
 s - 3 scrolls of fog
 v - a scroll of random uselessness {unknown}
 D - a scroll of enchant armour {unknown}
 E - a scroll of holy word {unknown}
Potions
 b - a potion of berserk rage
 d - 4 potions of might
 g - 4 potions of curing
 i - 3 potions of degeneration
 j - 4 potions of flight
 n - a potion of agility
 w - a potion of brilliance
 z - 6 potions of heal wounds
 B - 2 potions of mutation
 C - a potion of cancellation {unknown}
 J - a potion of haste {unknown}
 K - a potion of magic {unknown}
Comestibles
 c - 9 rations


   Skills:
 + Level 9.4 Fighting
 * Level 11.0 Axes
 + Level 9.0 Armour
 - Level 6.1 Dodging


You had 9 spell levels left.
You didn't know any spells.
Your spell library was empty.

Dungeon Overview and Level Annotations

Branches:
Dungeon (8/15)             Temple (1/1) D:4
   Lair: D:8-11

Altars:
Ashenzari
Cheibriados
Dithmenos
Elyvilon
Fedhas
Gozag
Hepliaklqana
Kikubaaqudgha
Makhleb
Nemelex Xobeh
Okawaru
Qazlal
Ru
Sif Muna
Trog
Uskayaw
Vehumet
Wu Jian
Xom
Yredelemnul
Zin
The Shining One

Shops:
D:5 (

Annotations:
D:8 Maurice


Innate Abilities, Weirdness & Mutations

((You reflexively headbutt those who attack you in melee.))
((You have a pair of horns on your head.))


Message History

You hit something.
You hear a zap.
A bolt of acid appears from out of thin air!
The bolt of acid hits you!! The acid corrodes you!
You are splashed with acid!
You hit something but do no damage. Something hits you.
Something grunts, "Curses!"
You hear some strange, mumbled words.
Something burns you.
You hear a zap.
A bolt of acid appears from out of thin air!
The bolt of acid misses you.
You see here a +0 club.
Your transformation is almost over.
You hear a zap.
A bolt of acid appears from out of thin air!
The bolt of acid hits you!!
* * * LOW HITPOINT WARNING * * *
You are splashed with acid!
You die...

......##......#..##...(...#.##
.......#...............######
###.##.....###.##......##...#
##...##..).###.##...(.......#
#....##.....>...##..........#
..##................{.#..####
..#........####..[...#####
#.#.....#..#####.).....#.#
#.#..#..#....##.b........###
.....#..........##..#.(....#
......>...##....########(.##
..).....#.###....# #(##
......##### ##.### ###
.......## ### ........#
......>## ..######


There were no monsters in sight!

Vanquished Creatures
  Erica (D:8)
  An ugly thing (D:8)
  Grinder (D:4)
  Sigmund (D:4)
  A hungry ghost (D:7)
  Menkaure (D:4)
  A water moccasin (D:7)
  An ice beast (D:5)
  A black bear (D:7)
  2 ogres
  A centaur (D:8)
  4 bullfrogs
  3 scorpions
  2 howler monkeys (D:6)
  A crimson imp (D:7)
  3 bullfrog zombies
  A quasit (D:8)
  3 jellies
  5 hounds
  2 centaur skeletons
  An orc priest (D:6)
  2 bullfrog skeletons (D:7)
  5 orc wizards
  Jessica (D:3)
  Natasha (D:4)
  An iguana (D:5)
  6 worker ants
  9 mummies
  Robin (D:2)
  4 gnolls (D:3)
  A howler monkey skeleton (D:6)
  11 adders
  A shadow imp (D:8)
  An ooze (D:1)
  2 adder zombies
  An adder skeleton (D:4)
  A worm (D:3)
  6 dart slugs
  8 leopard geckos
  27 orcs
  5 giant cockroaches
  2 gnoll zombies (Ossuary)
  13 goblins
  8 hobgoblins
  6 jackals
  11 kobolds
  2 quokkas
  7 bats
  5 frilled lizards
  A hobgoblin zombie (Ossuary)
  2 kobold zombies (Ossuary)
  A leopard gecko zombie (D:7)
  3 orc zombies (Ossuary)
  A quokka skeleton (D:6)
  11 rats
204 creatures vanquished.

Notes
Turn   | Place    | Note
-------+----------+-------------------------------------------
     0 | D:1      | GeneralDoubt the Minotaur Berserker began the quest for the
                  | Orb.
     0 | D:1      | Reached XP level 1. HP: 19/19 MP: 0/0
   222 | D:1      | Reached XP level 2. HP: 26/27 MP: 1/1
   541 | D:1      | Reached skill level 4 in Axes
   727 | D:2      | Reached XP level 3. HP: 29/33 MP: 2/2
   778 | D:2      | Reached ** piety under Trog
  1036 | D:2      | Reached XP level 4. HP: 41/41 MP: 3/3
  1447 | D:3      | Noticed Robin
  1486 | D:2      | Killed Robin
  1537 | D:2      | Reached XP level 5. HP: 43/47 MP: 4/4
  1654 | D:3      | Reached *** piety under Trog
  2110 | D:3      | Found a snail-covered altar of Cheibriados.
  2110 | D:3      | Noticed Jessica
  2124 | D:3      | Killed Jessica
  2124 | D:3      | Reached skill level 5 in Fighting
  2124 | D:3      | Reached skill level 5 in Axes
  2157 | D:3      | Found a hazy altar of Hepliaklqana.
  2384 | D:4      | Noticed Grinder
  2384 | D:4      | Paralysed by Grinder for 2 turns
  2403 | D:4      | Paralysed by Grinder for 2 turns
  2431 | D:4      | Killed Grinder
  2431 | D:4      | Reached XP level 6. HP: 35/56 MP: 5/5
  2469 | D:4      | Reached skill level 5 in Armour
  2469 | D:4      | Reached XP level 7. HP: 61/62 MP: 6/6
  2614 | D:4      | Noticed Natasha
  2620 | D:4      | Killed Natasha
  2623 | D:4      | Noticed Sigmund
  2652 | D:4      | Killed Sigmund
  2652 | D:4      | Reached skill level 6 in Axes
  2652 | D:4      | Reached skill level 5 in Dodging
  2805 | D:4      | Got an ancient cloak
  2811 | D:4      | Identified the +0 cloak of Fualonn {rN+ Dex+4} (You found
                  | it on level 4 of the Dungeon)
  2955 | D:4      | Noticed Menkaure
  2960 | D:4      | Killed Menkaure
  3090 | D:4      | Found a staircase to the Ecumenical Temple.
  3096 | Temple   | Entered the Ecumenical Temple
  3254 | D:4      | Reached XP level 8. HP: 71/71 MP: 7/7
  3320 | D:5      | Entered Level 5 of the Dungeon
  3582 | D:5      | Reached skill level 7 in Axes
  3640 | D:5      | Found Capnum's Antique Weapon Shoppe.
  3836 | D:6      | Found a deep blue altar of Sif Muna.
  3869 | D:6      | Found a basalt altar of Yredelemnul.
  4338 | D:6      | Found a sand-covered staircase.
  4346 | Ossuary  | Entered an ossuary
  4358 | Ossuary  | Reached **** piety under Trog
  4422 | Ossuary  | Reached skill level 8 in Axes
  4609 | D:6      | Found a stormy altar of Qazlal.
  4610 | D:6      | Found a sacrificial altar of Ru.
  4903 | D:7      | Reached XP level 9. HP: 81/81 MP: 8/8
  4904 | D:7      | Upgraded the game from 0.24-a0-459-g225fefd530 to
                  | 0.24-a0-487-g57318f2ed0
  5140 | D:7      | Reached skill level 9 in Axes
  5658 | D:8      | Noticed Erica
  5674 | D:8      | Killed Erica
  5674 | D:8      | Reached skill level 10 in Axes
  5840 | D:8      | Noticed Maurice
  6179 | D:8      | Noticed a cyan ugly thing
  6201 | D:8      | Killed a cyan ugly thing
  6201 | D:8      | Reached skill level 11 in Axes
  6201 | D:8      | Reached XP level 10. HP: 39/91 MP: 9/9
  6661 | D:8      | Found a deep blue altar of Sif Muna.
  6701 | D:8      | Splashed by Maurice's acid

Levels and vault maps discovered:
D:1:      dpeg_arrival_rooms_with_view, layout_loops_ring
D:2:      minmay_kobold_bridge, layout_loops_ring, first_ration, serial_glass,
          glass_columns_a, glass_columns_a
D:3:      layout_basic, cheibriados_altar_1, marbit_many_paths,
          grunt_ministairs_15, uniq_jessica, uniq_robin
D:4:      layout_basic, minmay_temple_entry_overgrown, grunt_ministairs_4,
          uniq_menkaure, uniq_grinder, uniq_sigmund, uniq_natasha
D:5:      layout_rooms, serial_shops, nicolae_shop_overgrown_old_shop
D:6:      layout_cave_pods, chequers_temple_overflow_statue_of_worship,
          lemuel_doored_altar, serial_park, serial_park_tiny_2,
          serial_park_tiny_1, gup_ossuary_entry_pyramid, lemuel_blue_sif_altar
D:7:      layout_rooms
D:8:      layout_cave_pools, nicolae_overflow_hidden_temple, serial_park,
          serial_park_tiny_2, serial_park_square1 [serial_park_minivault_5x5_7],
          serial_park_square2, uniq_erica, uniq_maurice
Temple:   lightli_temple_of_artemis

Skill      XL: |  1  2  3  4  5  6  7  8  9 |
---------------+----------------------------+-----
Fighting       | 4 5 6 7 9 |  9.4
Axes           | 4 5 6 8 11 | 11.0
Armour         | 3 4 5 6 7 9 |  9.0
Dodging        | 3 4 5 6 |  6.1

Action                   |  1- 3 |  4- 6 |  7- 9 | 10-12 || total
-------------------------+-------+-------+-------+-------++-------
Melee: Hand axe          |    88 |   142 |   392 |       ||   622
       Headbutt          |    10 |    20 |   112 |     2 ||   144
       Unarmed           |       |       |    10 |     7 ||    17
       War axe           |       |       |       |     5 ||     5
Invok: Trog's Hand       |       |     3 |     8 |     1 ||    12
       Berserk           |       |     2 |     4 |       ||     6
  Use: Scroll            |       |       |    17 |       ||    17
  Eat: Chunk             |       |     4 |     7 |       ||    11
       Ration            |       |     1 |     4 |     1 ||     6
Armor: Animal skin       |     7 |       |       |       ||     7
       Ring mail         |    10 |       |       |       ||    10
       Chain mail        |     9 |    57 |   147 |       ||   213
       Plate armour      |       |       |       |     1 ||     1
Dodge: Dodged            |    43 |    75 |   170 |    10 ||   298

Table legend:
 A = Non-vault XP
 B = Vault XP
 C = Vault XP percentage of total XP
 D = Non-vault monster count
 E = Vault monster count
 F = Vault count percentage of total count
                 A         B        C        D         E       F
            +---------+---------+-------+---------+---------+-------
      Total |    3859 |    1890 |  32.9 |     160 |      44 |  21.6
            +---------+---------+-------+---------+---------+-------
        D:1 |      35 |       3 |   7.9 |      20 |       2 |   9.1
        D:2 |     116 |      41 |  26.1 |      31 |      14 |  31.1
        D:3 |     117 |      58 |  33.1 |      21 |       6 |  22.2
        D:4 |     408 |     705 |  63.3 |      13 |       4 |  23.5
        D:5 |     355 |       0 |   0.0 |      12 |       0 |   0.0
        D:6 |     552 |      18 |   3.2 |      18 |       1 |   5.3
        D:7 |    1079 |       0 |   0.0 |      27 |       0 |   0.0
        D:8 |    1197 |     907 |  43.1 |      18 |       1 |   5.3
    Ossuary |       0 |     158 | 100.0 |       0 |      16 | 100.0
            +---------+---------+-------+---------+---------+-------
